 Dungeon Crawl Stone Soup version 0.16.2-12-gd0ad4c3 (webtiles) character file.

14 eeldvark the Covered (level 2, 0/21 HPs)
             Began as a Demonspawn Wanderer on Sept 26, 2015.
             Slain by a rat (2 damage)
             ... on level 1 of the Dungeon.
             The game lasted 00:02:55 (468 turns).

eeldvark the Covered (Demonspawn Wanderer)           Turns: 468, Time: 00:02:55

Health: 0/21       AC:  2    Str: 15    XL:     2   Next: 27%
Magic:  4/4        EV: 11    Int: 10    God:
Gold:   41         SH:  0    Dex: 12    Spells: 0 memorised, 5 levels left

rFire  . . .     SeeInvis .     j - +0 dagger
rCold  . . .     Clarity  .     d - +0 robe
rNeg   . . .     SustAb   .     (no shield)
rPois  .         Gourm    .     (helmet restricted)
rElec  .         Spirit   .     (no cloak)
rCorr  .         Warding  .     (no gloves)
rMut   .         Stasis   .     (no boots)
MR     .....                    (no amulet)
Stlth  ++........               (no ring)
                                (no ring)

@: not resistant to hostile enchantments, unstealthy
A: horns 1
a: no special abilities


You were on level 1 of the Dungeon.
You were not hungry.

You visited 1 branch of the dungeon, and saw 1 of its levels.

You collected 41 gold pieces.

Inventory:

Hand weapons
 b - a +0 mace
 j - a +0 dagger (weapon)
Armour
 d - a +0 robe (worn)
Scrolls
 h - a scroll of fog {unknown}
 i - a scroll of enchant armour {unknown}
Potions
 e - a potion of heal wounds {unknown}
 g - 2 potions of mutation {unknown}
Books
 a - a book of Minor Magic

   Spells                             Type                      Level
   a - Magic Dart                     Conjuration                  1
   b - Blink                          Translocation                2
   c - Call Imp                       Summoning                    2
   d - Repel Missiles                 Charms/Air                   2
   e - Slow                           Hexes                        2
   f - Conjure Flame                  Conjuration/Fire             3
   g - Mephitic Cloud                 Conjuration/Poison/Air       3
 c - Otuextiu's Catalogue of Sinister Magic

   Spells                             Type                      Level
   a - Animate Skeleton               Necromancy                   1
   b - Vampiric Draining              Necromancy                   3
Comestibles
 f - a bread ration


   Skills:
 - Level 1.0 Fighting
 + Level 0.0 Short Blades
   Level 1.0(1.5) Axes
 - Level 1.7(1.9) Maces & Flails
 - Level 2.6 Armour
 - Level 1.0 Stealth
   Level 1.0 Shields
 - Level 2.0 Spellcasting
   Level 1.1 Necromancy


You had 5 spell levels left.
You didn't know any spells.

Dungeon Overview and Level Annotations

Branches:
Dungeon (1/15)

Altars:


Innate Abilities, Weirdness & Mutations

You have a pair of small horns on your head.


Message History

The quokka closely misses you. The kobold hits you. The quokka bites you.
You hit the kobold.
The kobold is severely wounded.
The kobold closely misses you. The quokka barely misses you.
You hit the kobold but do no damage.
The kobold is severely wounded.
The kobold barely misses you. The quokka bites you. The rat bites you.
You hit the kobold.
The kobold is almost dead.
The quokka barely misses you. The kobold hits you.
* * * LOW HITPOINT WARNING * * *
The quokka barely misses you. The rat bites you.
* * * LOW HITPOINT WARNING * * *
You hit the kobold but do no damage.
The kobold is almost dead.
The kobold hits you.
* * * LOW HITPOINT WARNING * * *
The quokka misses you. The rat bites you.
You die...

...# #.. #..
...###.###..#
#.........###
###...........
..#.........###..
#....#..........>.
..............#....
..........K.##
##.###....r@## #.
#..(.r..## ..
#........#... .
#............
#.##.......#.#...
........†...#.....
.#..##...........#
.....#..........##
######
#....##.......##
########


You could see a quokka, a kobold and a rat.

Vanquished Creatures
  2 giant geckos (D:1)
  A goblin (D:1)
  2 hobgoblins (D:1)
  3 bats (D:1)
  A kobold (D:1)
  3 rats (D:1)
12 creatures vanquished.

Notes
Turn   | Place    | Note
--------------------------------------------------------------
     0 | D:1      | eeldvark, the Demonspawn Wanderer, began the quest for the Orb.
     0 | D:1      | eeldvark set off with: a book of Minor Magic, a +0 mace, Otuextiu's Catalogue of Sinister Magic, a +0 robe, a bread ration
     0 | D:1      | Reached XP level 1. HP: 15/15 MP: 3/3
     0 | D:1      | Identified Otuextiu's Catalogue of Sinister Magic
   136 | D:1      | Reached skill level 1 in Maces & Flails
   242 | D:1      | Gained mutation: You have a pair of small horns on your head. [demonic ancestry]
   242 | D:1      | Reached XP level 2. HP: 7/21 MP: 4/4
   468 | D:1      | Slain by a rat

Action                   || total
-------------------------++-------
Melee: Mace              ||    31
       Dagger            ||    10
